 Dungeon Crawl Stone Soup version 0.26-a0-651-gb41185065b (webtiles) character file.

Game seed: 2390125879220507545

937 Psyclone the Destroyer (level 8, -2/47 HPs)
             Began as an Octopode Conjurer on Sept 29, 2020.
             Slain by an orc
             ... wielding a +0 whip
              (5 damage)
             ... on level 5 of the Dungeon.
             The game lasted 00:19:25 (6067 turns).

Psyclone the Destroyer (Octopode Conjurer)          Turns: 6067, Time: 00:19:26

Health: -2/47      AC:  2    Str:  5 (6)  XL:     8   Next: 12%
Magic:  13/15      EV: 13    Int: 22      God:
Gold:   256        SH:  0    Dex: 10 (11) Spells: 3/17 levels left

rFire    . . .     SeeInvis .   a - +2 dagger (venom)
rCold    . . .     Faith    .   (no shield)
rNeg     . . .     Spirit   .   (helmet restricted)
rPois    .         Reflect  .   (no amulet)
rElec    .         Harm     .   (no ring)
rCorr    .         Rampage  .   (no ring)
MR       .....                  (no ring)
Stlth    +++.......             (no ring)
HPRegen  0.55/turn              (no ring)
MPRegen  0.14/turn              (no ring)
                                (no ring)
                                (no ring)

@: no status effects
A: almost no armour, stealthy swim, amphibious, 8 rings, constrict 8, rugged
brown scales 1, camouflage 1, deterioration 1, regeneration 1, gelatinous body 1
a: no special abilities


You were on level 5 of the Dungeon.
You visited 2 branches of the dungeon, and saw 6 of its levels.
You also visited: Sewer.

You collected 256 gold pieces.

Inventory:

Hand Weapons
 a - a +2 dagger of venom (weapon)
 f - a +0 hunting sling
Armour
 n - a +0 buckler
Wands
 b - a wand of polymorph (4)
 l - a wand of flame (16)
 t - a wand of paralysis (12)
Scrolls
 d - a scroll of blinking {unknown}
 e - 7 scrolls of teleportation
 g - a scroll of amnesia {unknown}
 j - a scroll of immolation {unknown}
 k - 2 scrolls of identify {@r1}
 o - a scroll of remove curse
 q - a scroll of noise
Potions
 c - a potion of flight {unknown}
 h - 2 potions of might
 i - 2 potions of invisibility {unknown}
 m - 2 potions of cancellation
 p - 2 potions of curing {unknown}
 r - a potion of magic
 s - a potion of stabbing
 u - 2 potions of degeneration {unknown}


   Skills:
 - Level 2.0 Dodging
 - Level 2.6 Stealth
 + Level 5.0 Spellcasting
 * Level 8.5 Conjurations


You had 3 spell levels left.
You knew the following spells:

 Your Spells              Type           Power        Failure   Level
a - Magic Dart            Conj           ####         1%          1
b - Searing Ray           Conj           #####.       1%          2
c - Dazzling Flash        Conj/Hex       ###...       5%          3
d - Fulminant Prism       Conj/Hex       ###.......   17%         4
e - Iskenderun's Mystic   Conj/Tloc      ###.....     17%         4

Your spell library contained the following spells:

 Spells                   Type           Power        Failure   Level


Dungeon Overview and Level Annotations

Branches:
Dungeon (5/15)             Temple (1/1) D:4           Sewer (visited)

Altars:
Ashenzari
Dithmenos
Elyvilon
Fedhas
Gozag
Hepliaklqana
Kikubaaqudgha
Makhleb
Nemelex Xobeh
Qazlal
Ru
Sif Muna
Trog
Uskayaw
Vehumet
Wu Jian
Yredelemnul
Zin
The Shining One

Annotations:
D:4 exclusion: downstairs


Innate Abilities, Weirdness & Mutations

You cannot wear most types of armour.
You are very stealthy in the water. (Stealth+)
You are amphibious.
You can wear up to eight rings at the same time.
You can use your tentacles to constrict eight enemies at once.
Your skin changes colour to match your surroundings (Stealth+).
Your rubbery body absorbs attacks. (AC +1, EV +1)
You are partially covered in rugged brown scales. (AC +1, +3% HP)
Your body sometimes deteriorates upon taking damage.
Your natural rate of healing is unusually fast.


Message History

You take 7 damage, and have 17/47 hp.
Casting: Iskenderun's Mystic Blast (quite dangerous; 19% risk of failure)
Confirm with . or Enter, or press ? or * to list all spells.
Aiming: Searing Ray (safe; 1% risk of failure)
Press: ? - help, Shift-Dir - straight line, f - orc
Aim: an orc, wielding a +0 whip and wearing a +0 ring mail The searing ray misses the orc. (Press . to maintain the ray.)
You kill the centaur!
You feel your dexterity returning.
Your Spellcasting skill increases to level 5!
The orc hits you but does no damage. The orc hits you with a +0 whip.
You take 2 damage, and have 15/47 hp.
You now have 13/15 mp.
The orc wizard casts a spell.
The orc wizard blinks!
The orc priest invokes the aid of Beogh against you.
Beogh smites you!
* * * LOW HITPOINT WARNING * * *
The orc misses you. The orc hits you with a +0 whip.
You die...

.. ..#. .). ...
## .#$..< #.
_...# ##.#.#..#
#......##..
#.o...Zo...
#..@ooo.o..
#.)o§......
.............
...............
......#..#.....
......#####....
...... #..#
...#.. #(#


You could see an orc priest, an orc wizard, 5 orcs and a worker ant zombie.

Vanquished Creatures
  An ice beast (D:4)
  An ogre (D:4)
  A centaur (D:5)
  A scorpion (D:4)
  4 orc priests
  A hound (D:4)
  Crazy Yiuf (D:2)
  An orc wizard (D:4)
  A gnoll shaman (D:5)
  Ijyb (D:3)
  2 worker ants (D:4)
  5 gnolls (D:5)
  7 adders
  A river rat (D:4)
  5 oozes (Sewer)
  2 adder skeletons (D:4)
  14 worms
  2 dart slugs (D:2)
  7 leopard geckos
  13 orcs
  A ball python (Sewer)
  15 bats
  6 giant cockroaches
  9 goblins
  7 hobgoblins
  7 jackals
  4 quokkas
  7 frilled lizards
  8 kobolds
  9 rats
144 creatures vanquished.

Notes
Turn   | Place    | Note
-------+----------+-------------------------------------------
     0 | D:1      | Psyclone the Octopode Conjurer began the quest for the Orb.
     0 | D:1      | Reached XP level 1. HP: 11/11 MP: 3/3
   199 | D:1      | Reached XP level 2. HP: 17/17 MP: 1/5
   395 | D:1      | Learned a level 2 spell: Searing Ray
   652 | D:1      | Reached XP level 3. HP: 21/21 MP: 4/6
  1513 | D:2      | Reached skill level 5 in Conjurations
  1573 | D:2      | Reached XP level 4. HP: 27/27 MP: 4/8
  2154 | D:2      | Found a runed translucent door.
  2155 | D:2      | Noticed Crazy Yiuf
  2161 | D:2      | Killed Crazy Yiuf
  2288 | D:2      | Reached XP level 5. HP: 31/31 MP: 5/9
  3011 | D:3      | Reached skill level 6 in Conjurations
  3588 | D:3      | Reached XP level 6. HP: 27/36 MP: 8/11
  3818 | D:3      | Noticed Ijyb
  3821 | D:3      | Paralysed by Ijyb for 3 turns
  3825 | D:3      | Killed Ijyb
  4072 | D:3      | Gained mutation: You are partially covered in rugged brown
                  | scales. (AC +1, +3% HP) [potion of mutation]
  4072 | D:3      | Gained mutation: Your body sometimes deteriorates upon
                  | taking damage. [potion of mutation]
  4072 | D:3      | Gained mutation: Your natural rate of healing is unusually
                  | fast. [potion of mutation]
  4293 | D:4      | Reached skill level 7 in Conjurations
  4295 | D:4      | Reached XP level 7. HP: 32/42 MP: 2/13
  4441 | D:4      | Found a glowing drain.
  4445 | Sewer    | Entered a sewer
  5150 | D:4      | Learned a level 4 spell: Fulminant Prism
  5155 | D:4      | Learned a level 4 spell: Iskenderun's Mystic Blast
  5159 | D:4      | Learned a level 3 spell: Dazzling Flash
  5490 | D:4      | Found a staircase to the Ecumenical Temple.
  5496 | Temple   | Entered the Ecumenical Temple
  5718 | D:5      | Entered Level 5 of the Dungeon
  5732 | D:5      | Reached skill level 8 in Conjurations
  5796 | D:4      | Reached XP level 8. HP: 17/47 MP: 1/15
  6060 | D:5      | Found an opulent altar of Gozag.
  6066 | D:5      | Reached skill level 5 in Spellcasting
  6067 | D:5      | Slain by an orc

Illustrated notes

Levels and vault maps discovered:
D:1:      minmay_arrival_hallway, layout_basic
D:2:      layout_loops_corners, uniq_crazy_yiuf_cottage
D:3:      layout_basic, serial_park_tiny_1, ebering_dispersal_statue_hall,
          uniq_ijyb
D:4:      layout_basic, minmay_temple_entry_fiery, gup_sewer_entry_spiral
D:5:      layout_cave_pools, lemuel_crystal_altar, grunt_temple_overflow_open
Temple:   regret_index_temple_mists

Skill      XL: |  1  2  3  4  5  6  7  8 |
---------------+-------------------------+-----
Conjurations   | 5 6 7 8 |  8.5
Spellcasting   | 3 4 5 |  5.0
Dodging        | |  2.0
Stealth        | |  2.6

Action                   |  1- 3 |  4- 6 |  7- 9 || total
-------------------------+-------+-------+-------++-------
Melee: Dagger            |     7 |    38 |    47 ||    92
       Constrict         |     1 |     8 |     7 ||    16
       Tentacles         |       |     7 |     4 ||    11
 Cast: Magic Dart        |    65 |    38 |    22 ||   125
       Searing Ray       |       |    25 |    14 ||    39
       Iskenderun's Myst |       |       |     1 ||     1
  Use: Scroll            |       |     5 |     2 ||     7
       Potion            |       |     3 |       ||     3
 Stab: Sleeping          |       |     4 |     3 ||     7
Armor: Skin              |       |     1 |     9 ||    10
Dodge: Dodged            |    11 |    23 |    49 ||    83

Table legend: (Time is in decaauts)
 A = Elapsed time spent in this place.
 B = Non-inter-level travel time spent in this place.
 C = Inter-level travel time spent in this place.
 D = Time resting spent in this place.
 E = Time spent auto-exploring this place.
 F = Levels seen in this place.
 G = Mean time per level.
                   A        B        C        D        E       F      G
               +--------+--------+--------+--------+--------+-----+--------+
         Total |   6049 |   5885 |    164 |   1268 |   2992 |   7 |  864.1 |
       Dungeon |   5260 |   5096 |    164 |   1131 |   2992 |   5 | 1052.0 |
        Temple |    194 |    194 |      0 |      0 |      0 |   1 |  194.0 |
         Sewer |    593 |    593 |      0 |    137 |      0 |   1 |  593.0 |
               +--------+--------+--------+--------+--------+-----+--------+

Top non-repeatable levels by time:
     D:3: 1646 daAuts
     D:2: 1482 daAuts
     D:4: 1128 daAuts
     D:1: 956 daAuts
   Sewer: 593 daAuts
  Temple: 194 daAuts
     D:5: 47 daAuts
